[Event "Early-Titled-Tuesday-Blitz-May-28-2024"]
[Site "Chess.com"]
[Date "2024.05.28"]
[Round "6"]
[White "chessfatbear"]
[Black "andrew-blr"]
[Result "0-1"]
[WhiteElo "2816"]
[BlackElo "2644"]
[TimeControl "180+1"]
[EndTime "9:08:19 PDT"]
[Termination "andrew-blr won by resignation"]

1. e4 c5 2. Nf3 e6 3. d4 cxd4 4. Nxd4 Bc5 5. Nb3 Bb6 6. Bd3 Ne7 7. O-O O-O 8. Nc3 f5 9. exf5 Nxf5 10. Qe2 Nc6 11.
Bxf5 Rxf5 12. Be3 d5 13. Bxb6 Qxb6 14. Na4 Qc7 15. Nac5 e5 16. Rad1 b6 17. Na4 Be6 18.
Nc3 Rd8 19. Rfe1 h5 20. Qb5 e4 21. Qe2 Rdf8 22. Nb5 Qf7 23. Rf1 Ne5 24. Nd6 Qg6 25. Nxf5 Rxf5 26. Kh1 Rg5 27. Rg1 Bg4 28. Qd2 Nf3 29.
Qf4 Nxg1 30. Rxg1 Bf3 31. Qxg5 Qxg5 32. gxf3 Qf4 33. Nd4 exf3 34. Rxg7+ Kh8 35. c3 Qc1+ 36. Rg1 Qxb2 37. Nxf3 Qxf2 38. Ne5 h4 39. h3 Kh7 40. Ng4 Qf3+ 41. Kh2 Qxc3 42. Rf1 d4 43. Rf2 d3 44. Nf6+ Kg6 45. Ne4 Qd4 46. Rg2+ Kf7 47. Nd2 Ke7 48. Kh1 b5 49. Kh2 b4 50. Rg4 Qf2+ 51. Rg2 Qf4+ 52. Kg1 a5 53. Rf2 Qe3 54. Kg2 a4 55.
Nc4 Qe4+ 0-1

[Event "Early-Titled-Tuesday-Blitz-May-28-2024"]
[Site "Chess.com"]
[Date "2024.05.28"]
[Round "6"]
[White "Grebnev_A"]
[Black "chessdjw"]
[Result "0-1"]
[WhiteElo "2546"]
[BlackElo "2788"]
[TimeControl "180+1"]
[EndTime "9:08:19 PDT"]
[Termination "chessdjw won by resignation"]

1. Nf3 d5 2. e3 Nf6 3. c4 e6 4. b3 c6 5. Nc3 Bd6 6. Bb2 O-O 7. d4 Nbd7 8. Be2 b6 9. O-O Bb7 10. Qc2 Qe7 11. Rfe1 Rad8 12. Rad1 Rfe8 13. h3 e5 14.
cxd5 cxd5 15. dxe5 Nxe5 16. Nb5 Rc8 17. Qf5 Nxf3+ 18. Bxf3 Bb4 19. Re2 a6 20. Nd4 Ne4 21. Rc2 g6 22. Qf4 Rxc2 23. Nxc2 Bd6 24. Qh6 f6 25. Qh4 Rf8 26. Bd4 b5 27. Bb2 Qe6 28.
Bg4 Qe7 29. Bf3 Qe6 30. Nd4 Qe5 31. g3 Ng5 32. Bg2 Qe7 33. Nf3 Ne4 34. Nd2 Rc8 35. Nxe4 dxe4 36. Bxf6 Qe6 37. Ba1 Bf8 38. Qf4 Qf5 39.
Qh4 Rc2 40. Rf1 g5 41. Qh5 Bd5 42. Qd1 Rxa2 43. Qd4 Kf7 44. Kh2 h5 45. Rd1 Ke6 46. Qb6+ Bd6 47. Rxd5 Qxd5 48. Bd4 Rxf2 49. Qd8 h4 50.
Qg8+ Rf7 51. Qg6+ Ke7 52. Kh1 Bxg3 53. Bxe4 Qe6 54. Bc5+ Kd7 55. Bc6+ Qxc6+ 56. Qxc6+ Kxc6 57. Bd4 Kd5 58. Kg2 Ke4 0-1

[Event "Early-Titled-Tuesday-Blitz-May-28-2024"]
[Site "Chess.com"]
[Date "2024.05.28"]
[Round "6"]
[White "NikFil2013"]
[Black "Stanbad1"]
[Result "1/2-1/2"]
[WhiteElo "2472"]
[BlackElo "2630"]
[TimeControl "180+1"]
[EndTime "9:08:19 PDT"]
[Termination "Game drawn - insufficient material"]

1. d4 Nf6 2. c4 c5 3. d5 b5 4.
cxb5 a6 5. bxa6 g6 6. Nc3 Bg7 7. a7 Rxa7 8. e4 d6 9. Nf3 O-O 10. Be2 Ba6 11. O-O Qb6 12. a4 Nbd7 13. Ra3 Rb8 14.
Bxa6 Rxa6 15. Qe2 Ng4 16. Nb5 Rba8 17. b3 Nge5 18. Nd2 Rc8 19. f4 c4+ 20. Kh1 c3 21.
Nb1 c2 22. Nd2 Qc5 23. fxe5 Bxe5 24. Nc4 Bg7 25. Qxc2 e6 26. Qf2 Rf8 27. Qxc5 Nxc5 28. Nbxd6 exd5 29. exd5 Rb8 30. Be3 Nd3 31. b4 Nxb4 32.
Rb3 Rxa4 33. Nb6 Rxb6 34. Bxb6 Nxd5 35. Bc5 Bd4 36. Rb8+ Kg7 37. Bxd4+ Rxd4 38. Rxf7+ Kh6 39. h3 Rd1+ 40. Kh2 Ne3 41. Ne4 Nf1+ 42. Rxf1 Rxf1 43. Ng3 Rf7 44. Rb5 Re7 45. h4 Rd7 46. Rb3 Rd4 47.
Kh3 Rd6 48. Re3 Ra6 49. Rf3 Ra4 50. Rf6 Kg7 51. Rc6 h5 52. Ne2 Re4 53. Nc3 Rg4 54. g3 g5 55. Rc7+ Kf6 56. Nd5+ Ke6 57. Ne3 Re4 58. hxg5 Rxe3 59. g6 Kf6 60. g7 Re8 61. Kh4 Kg6 62. Rb7 Re4+ 63. Kh3 Re8 64. Kh4 Re4+ 65. Kh3 Re8 66. Ra7 Kh6 67. Kh4 Re4+ 68.
Kh3 Rg4 69. Ra6+ Kxg7 70. Ra7+ Kg6 71. Ra6+ Kg5 72. Ra5+ Kh6 73. Ra6+ Rg6 74. Rxg6+ Kxg6 75. g4 hxg4+ 76. Kxg4 1/2-1/2

[Event "Early-Titled-Tuesday-Blitz-May-28-2024"]
[Site "Chess.com"]
[Date "2024.05.28"]
[Round "6"]
[White "gpsji27"]
[Black "rookpower2004"]
[Result "0-1"]
[WhiteElo "2298"]
[BlackElo "2482"]
[TimeControl "180+1"]
[EndTime "9:08:19 PDT"]
[Termination "rookpower2004 won by resignation"]

1. d4 d5 2. Nf3 e6 3. Bg5 Nf6 4. e3 Be7 5. Bd3 h6 6. Bh4 O-O 7. Nbd2 b6 8. O-O Bb7 9. c3 c5 10. Ne5 Nbd7 11. f4 Rc8 12. Ndf3 Ne4 13. Bxe7 Qxe7 14.
Nxd7 Qxd7 15. Ne5 Qc7 16. Rf3 f5 17. Qe2 Nf6 18. Kh1 cxd4 19. exd4 Bc6 20. Re1 Rfe8 21. Nxc6 Qxc6 22. Bb5 Qc7 23. Bxe8 Rxe8 24. h3 Ne4 25. g4 Rf8 26. Rg1 fxg4 27. Rxg4 a5 28. Qg2 Rf5 29. Rg6 Rf6 30. Rf1 Qf7 31. Rg4 Rf5 32.
Rg1 g5 33. Rf1 Qh5 34. Kg1 Kh7 35. fxg5 Rxf1+ 36. Qxf1 Nxg5 37. Kh2 Qg6 38. Qe2 Qf5 39. Rg2 Nf3+ 40. Kh1 Ng5 41. Rh2 Nxh3 42. Qg2 Nf4 43. Qf2 Qb1+ 44. Qg1 Qe4+ 45. Qg2 Nxg2 46. Rxg2 Qb1+ 47.
Kh2 Qxa2 48. Rg3 Qc4 49. Kh3 a4 50. Rg4 Qb3 51. Kh4 Qxb2 52. Kh5 Qxc3 0-1

[Event "Early-Titled-Tuesday-Blitz-May-28-2024"]
[Site "Chess.com"]
[Date "2024.05.28"]
[Round "6"]
[White "aanshnerurkar"]
[Black "viktorskliarov"]
[Result "0-1"]
[WhiteElo "2482"]
[BlackElo "2638"]
[TimeControl "180+1"]
[EndTime "9:08:24 PDT"]
[Termination "viktorskliarov won on time"]

1. e4 c5 2. Nf3 Nc6 3. Bb5 e6 4. O-O Nge7 5. d4 cxd4 6. Nxd4 Qb6 7. Nxc6 dxc6 8. Be2 e5 9. Nd2 Ng6 10. Nc4 Qc7 11.
g3 Bh3 12. Re1 Rd8 13. Bd3 h5 14. Bg5 f6 15. Be3 b5 16. Nd2 Qd7 17. Nb3 h4 18.
Qf3 Bg4 19. Qg2 hxg3 20. fxg3 Bb4 21. Rec1 O-O 22. a4 a6 23. axb5 axb5 24. Ra7 Qe6 25. Nc5 Bxc5 26. Bxc5 Rf7 27. Qf2 Rxa7 28. Bxa7 Nf8 29.
Bc5 Nd7 30. Be3 Nf8 31. Bf1 Rd7 32. c4 b4 33. Bc5 b3 34. Be3 Qf7 35. c5 Be6 36.
Ra1 Rb7 37. Qe2 Nd7 38. h4 Qg6 39. Qf2 Qxe4 40. Bg2 Qc2 41. Bxc6 Rc7 42. Bxd7 Bxd7 43. Qxc2 bxc2 44. Rc1 Ba4 45. Kf2 Bb3 46. Ke2 Rd7 47.
Ra1 Kf7 48. Ra3 Be6 49. Rc3 Bf5 50. c6 Rc7 51. b4 Ke6 52. b5 Kd5 53. Kd2 Rc8 0-1

[Event "Early-Titled-Tuesday-Blitz-May-28-2024"]
[Site "Chess.com"]
[Date "2024.05.28"]
[Round "6"]
[White "Mikhail_Golubev"]
[Black "Gryffindorac8"]
[Result "1-0"]
[WhiteElo "2632"]
[BlackElo "2468"]
[TimeControl "180+1"]
[EndTime "9:08:24 PDT"]
[Termination "Mikhail_Golubev won by resignation"]

1. e4 c5 2. Nf3 d6 3. d4 cxd4 4. Nxd4 Nf6 5. Nc3 a6 6. Bc4 e6 7. Bb3 b5 8. O-O Be7 9. Qf3 Qc7 10. Qg3 O-O 11. Bh6 Ne8 12. Rad1 b4 13. Nce2 Nc6 14. Nf4 Nxd4 15. Rxd4 Bf6 16. Rc4 Qe7 17. Nh5 Kh8 18. Nxf6 Qxf6 19. Be3 Bb7 20. Rxb4 Bc6 21. Bg5 Qg6 22.
Be7 Rg8 23. Bxd6 Nxd6 24. Qxd6 Bxe4 25. Qg3 Bxc2 26. Qxg6 Bxg6 27. Rc1 a5 28. Rd4 Rgd8 29. Rxd8+ Rxd8 30. h3 h6 31. Rc5 Ra8 32. a4 Kg8 33.
Bc4 Kf8 34. b3 Ke7 35. Rc7+ Kd6 36. Rb7 Kc5 37. h4 h5 38. Kh2 Kd4 39. Kg3 Kc3 40.
Kf4 Kd4 41. f3 Kc5 42. g4 hxg4 43. fxg4 e5+ 44. Kxe5 f6+ 45. Kf4 Re8 46. Rxg7 Bc2 47.
Rf7 Kb4 48. Rxf6 Bxb3 49. Bxb3 Kxb3 50. Rb6+ Kxa4 51. h5 Rf8+ 52. Kg3 Ka3 53. Kh4 a4 54. h6 Ka2 55. Kh5 a3 56. g5 Ka1 57. h7 a2 58. Ra6 Kb2 59. Rxa2+ Kxa2 60. g6 Kb3 61.
g7 Rf5+ 62. Kg6 Rf1 63. g8=Q+ 1-0

[Event "Early-Titled-Tuesday-Blitz-May-28-2024"]
[Site "Chess.com"]
[Date "2024.05.28"]
[Round "6"]
[White "JanMur7"]
[Black "InitiatingASC"]
[Result "1-0"]
[WhiteElo "2280"]
[BlackElo "2417"]
[TimeControl "180+1"]
[EndTime "9:08:25 PDT"]
[Termination "JanMur7 won by resignation"]

1. c4 e6 2. Nc3 d5 3. d4 c5 4. Nf3 Nc6 5. cxd5 exd5 6. e3 Nf6 7. Be2 Be7 8. O-O O-O 9. b3 a6 10. Ba3 Qa5 11. Bb2 Bg4 12. h3 Bxf3 13. Bxf3 cxd4 14. exd4 Bb4 15. Qd3 Rfe8 16. a3 Bxc3 17. Bxc3 Qb6 18. Bb2 Ne4 19. Rfe1 Rad8 20. b4 f5 21. Rac1 Na5 22. bxa5 Qxb2 23. Bxe4 fxe4 24. Qc3 Qxc3 25. Rxc3 Re7 26. Rec1 Kf7 27. Rc7 Rdd7 28. Rc8 Ke6 29. Rh8 h6 30. Rhc8 Kd6 31. Kf1 Rc7 32.
R1xc7 Rxc7 33. Rd8+ Ke6 34. Rb8 Kd7 35. Rg8 Kc6 36.
Rd8 Rd7 37. Rc8+ Kb5 38. Rc5+ Ka4 39. Ke2 Kxa3 40. Ke3 Kb4 41. f3 exf3 42. gxf3 Re7+ 43. Kf4 Rf7+ 44. Kg4 Rd7 45. f4 Rd6 46. Kf5 b6 47. axb6 Rxb6 48. Rxd5 Rf6+ 49. Ke5 a5 50. Rd8 a4 51. Rb8+ Kc3 52. Ra8 Kb3 53. d5 a3 54. d6 Rf7 55. Ke6 Rxf4 56. d7 Re4+ 57. Kd5 Re3 58. d8=Q Rd3+ 59. Ke6 Rxd8 60. Rxd8 a2 61. Ra8 g5 62. Kf5 a1=Q 63. Rxa1 1-0

[Event "Early-Titled-Tuesday-Blitz-May-28-2024"]
[Site "Chess.com"]
[Date "2024.05.28"]
[Round "6"]
[White "shimastream"]
[Black "JeFumeDesClopes"]
[Result "1-0"]
[WhiteElo "3030"]
[BlackElo "2707"]
[TimeControl "180+1"]
[EndTime "9:08:26 PDT"]
[Termination "shimastream won by resignation"]

1. e4 g6 2. d4 Bg7 3. c4 d6 4. Nc3 e5 5. Nge2 exd4 6. Nxd4 Ne7 7. h4 Nbc6 8. Nxc6 bxc6 9. h5 f5 10. Bd3 Be6 11. Qc2 Qd7 12. Bd2 Rb8 13. Rd1 O-O 14. hxg6 Nxg6 15. b3 Rbe8 16. Kf1 f4 17. f3 Be5 18.
Ne2 c5 19. Kf2 Re7 20. Rh5 Rg7 21. Rdh1 Rf6 22. R1h2 Nf8 23. Qc1 Qf7 24. R5h4 Ng6 25. Rh5 Nf8 26. Qh1 Bd7 27. Bc3 Ng6 28. Ba5 Bc8 29. Ke1 Nf8 30. Bc3 Ng6 31. Bd2 Nf8 32.
Kd1 Ne6 33. R5h4 Nd4 34. Nc3 c6 35. Ne2 Be6 36. Rh5 Rfg6 37. Nxd4 cxd4 38. c5 Qe7 39. cxd6 Qxd6 40. Rxh7 Rxh7 41. Rxh7 Qa3 42. Rb7 Rg7 43.
Rxg7+ Bxg7 44. Qh5 Bf7 45. Qa5 Qb2 46. Bxf4 Qxg2 47.
Be2 d3 48. Qd8+ Kh7 49. Qxd3 c5 50. Be3 Qh1+ 51. Kd2 Qa1 52. Qc2 Bd4 53. Bxd4 cxd4 54. e5+ Bg6 55. Bd3 Bxd3 56. Qxd3+ Kg7 57. Qc2 a5 58.
Kd3 Kf7 59. Ke4 Ke6 60. Qc6+ Ke7 61. Qd6+ Ke8 62. e6 Qe1+ 63. Kd5 1-0

[Event "Early-Titled-Tuesday-Blitz-May-28-2024"]
[Site "Chess.com"]
[Date "2024.05.28"]
[Round "6"]
[White "SipahiPower"]
[Black "crazy_but_lazy"]
[Result "1/2-1/2"]
[WhiteElo "2521"]
[BlackElo "2662"]
[TimeControl "180+1"]
[EndTime "9:08:26 PDT"]
[Termination "Game drawn by stalemate"]

1. d4 Nf6 2. c4 e6 3. Nc3 Bb4 4.
Qc2 c5 5. dxc5 Bxc5 6. Bf4 O-O 7.
Rd1 Nc6 8. Nf3 h6 9. e3 Nh5 10. Bd6 Bxd6 11. Rxd6 Nf6 12. Be2 a6 13. O-O Qc7 14. Rd2 b6 15. Rfd1 Bb7 16. Ne4 Nxe4 17. Rxd7 Qc8 18. Qxe4 Na5 19. Qd4 Rb8 20. b3 Bc6 21.
Re7 b5 22. cxb5 Bxb5 23. Bxb5 axb5 24. Ne5 Qc2 25. Qd2 Qc5 26. Rd7 Qxe5 27. Qxa5 Ra8 28. Qd2 Qc5 29. Rc1 Qa3 30. Rc2 Qa6 31. h3 Rfb8 32.
Rcc7 Rf8 33. Rc2 Rfb8 34. Qe2 Qa5 35. Rcc7 Rf8 36. Qf3 Qe1+ 37. Kh2 Qa1 38. Rxf7 Qe5+ 39. g3 Rxf7 40. Qxf7+ Kh8 41. Ra7 Rc8 42. Re7 Rc2 43.
Re8+ Kh7 44. Qf3 Qf5 45. Rf8 Qxf3 46. Rxf3 Rxa2 47. e4 Rb2 48. Kg2 Kg6 49. Re3 Kf6 50. e5+ Kf5 51. Kf3 h5 52. g4+ Kg5 53. Kg3 h4+ 54.
Kf3 g6 55. Ke4 Rxf2 56. Rf3 Re2+ 57. Re3 Rb2 58. Kd4 Rg2 59. Ke4 Rg3 60. Rxg3 hxg3 61.
Kf3 Kh4 62. Kg2 b4 63. g5 Kxg5 64. Kxg3 Kf5 65. Kh4 Kf4 1/2-1/2

[Event "Early-Titled-Tuesday-Blitz-May-28-2024"]
[Site "Chess.com"]
[Date "2024.05.28"]
[Round "6"]
[White "scarabee43"]
[Black "HansOnTwitch"]
[Result "1/2-1/2"]
[WhiteElo "2831"]
[BlackElo "3120"]
[TimeControl "180+1"]
[EndTime "9:08:27 PDT"]
[Termination "Game drawn by stalemate"]

1. Nf3 d5 2. e3 c5 3. b3 f6 4. d4 cxd4 5. exd4 Nc6 6. Bb2 Bg4 7. Nbd2 e6 8. Bd3 Bd6 9. h3 Bh5 10. O-O Nge7 11. Re1 Qd7 12. Qe2 Bf7 13. a3 O-O 14.
c4 Ng6 15. g3 Rfe8 16. Qf1 Rad8 17. Rad1 a6 18. Bb1 Qe7 19. b4 Qd7 20. Ba2 Nge7 21. c5 Bc7 22. Bc3 Ng6 23. a4 Na7 24. Bb3 e5 25.
dxe5 Nxe5 26. Nd4 Nac6 27. N2f3 Nxf3+ 28. Nxf3 Qf5 29. Nd4 Nxd4 30. Bxd4 Be5 31. Qd3 Qxh3 32. Re3 Bxd4 33. Qxd4 Rxe3 34. Qxe3 Re8 35. Qf3 Re5 36. b5 axb5 37. axb5 Bh5 38. Bxd5+ Kf8 39. g4 Qxg4+ 40.
Qxg4 Bxg4 41. Rd4 Bc8 42. b6 Ke7 43. c6 bxc6 44. Bxc6 Re1+ 45. Kg2 Rb1 46. b7 Be6 47. Be4 Rb6 48. Ra4 Kd7 49. Ra8 Kc7 50. Re8 Bd7 51.
Re7 Kd6 52. Rxg7 Bc6 53. Bxc6 Kxc6 54. Rxh7 Rxb7 55. Rxb7 Kxb7 56. Kf3 Kc6 57. Kf4 Kd6 58. Kf5 Ke7 59. Kf4 Ke6 60. Ke4 f5+ 61. Kd4 Kf6 62.
f4 Ke6 63. Kc5 Kf6 64. Kd5 Kf7 65. Ke5 Ke7 66. Kxf5 Kf7 67. Ke5 Ke7 68. f5 Kf7 69.
f6 Kf8 70. Ke6 Ke8 71. f7+ Kf8 72. Kf6 1/2-1/2

[Event "Early-Titled-Tuesday-Blitz-May-28-2024"]
[Site "Chess.com"]
[Date "2024.05.28"]
[Round "6"]
[White "TitarovVasiliYouTube"]
[Black "wild3000"]
[Result "1-0"]
[WhiteElo "2585"]
[BlackElo "2359"]
[TimeControl "180+1"]
[EndTime "9:08:29 PDT"]
[Termination "TitarovVasiliYouTube won on time"]

1. c4 Nf6 2. g3 g6 3. Bg2 Bg7 4. Nc3 O-O 5. Nf3 c6 6. O-O d5 7.
cxd5 Nxd5 8. e4 Nxc3 9. bxc3 c5 10. d4 cxd4 11. cxd4 Nc6 12. Be3 b6 13. Rc1 Bb7 14.
Qa4 Na5 15. d5 Rc8 16. Nd4 Qd6 17. Nb5 Qd7 18. Qb4 Ba6 19. a4 Bxb5 20. axb5 Rxc1 21. Rxc1 Qd6 22. Qxd6 exd6 23. Rc7 Ra8 24. Bh3 Nb3 25. Bd7 Nc5 26. Bc6 Rb8 27. Bxc5 bxc5 28. Rxa7 Bd4 29. Ra4 f5 30. exf5 gxf5 31. Kf1 Kg7 32. Ke2 Kf6 33. f4 h5 34. Kd3 h4 35. Kc4 Bg1 36. Ra2 hxg3 37. hxg3 Be3 38. Rb2 Bd4 39. Rb1 Ke7 40. b6 Bf2 41. b7 Bxg3 42. Rg1 Bxf4 43.
Rf1 Be5 44. Rxf5 Kd8 45. Rf7 Bd4 46. Rd7+ Ke8 47. Rxd6+ Ke7 48. Rd7+ Kf6 49. Rc7 Be5 50. Rc8 Bd6 51. Kb5 Ke7 52. Kc4 Kf6 53. Kb5 Ke7 54. Kb6 c4 55. Bb5 c3 56. Rxc3 Be5 57. Rc8 1-0

[Event "Early-Titled-Tuesday-Blitz-May-28-2024"]
[Site "Chess.com"]
[Date "2024.05.28"]
[Round "6"]
[White "ural58"]
[Black "lamomiajunior"]
[Result "0-1"]
[WhiteElo "2436"]
[BlackElo "2718"]
[TimeControl "180+1"]
[EndTime "9:08:29 PDT"]
[Termination "lamomiajunior won by checkmate"]

1. e4 c5 2. b3 Nc6 3. Bb2 e5 4. f4 exf4 5. Qf3 Nge7 6. Qxf4 Ng6 7. Qe3 d6 8. Bb5 Be7 9. Bxg7 Rg8 10. Bc3 Bg5 11.
Bxc6+ bxc6 12. Qf2 Nf4 13. g3 Ne6 14. Nf3 Ba6 15.
Na3 Bf6 16. O-O-O d5 17. Bxf6 Qxf6 18. e5 Qd8 19. Kb2 Qa5 20. Nh4 Nd4 21. Nf5 Nxf5 22. Qxf5 Rg6 23. Qh5 h6 24. Rhe1 Bc8 25. Qh4 Bg4 26. e6 Bxe6 27. Re5 Kd7 28. Rf1 Re8 29. Qf4 Qc7 30. Rfe1 Kc8 31. Qf2 Qd6 32. c4 d4 33.
Nc2 Rg5 34. R5e4 Rd8 35. d3 Rf5 36. Qd2 a5 37. Qxa5 Qc7 38. Qxc7+ Kxc7 39. R1e2 Rf6 40.
Rh4 Bf5 41. Rd2 Re6 42. b4 cxb4 43. Nxd4 Rf6 44. Nxf5 Rxf5 45. Kb3 c5 46. a3 bxa3 47. Kxa3 Rf6 48. Kb3 Rb6+ 49. Kc3 Ra8 50. Rc2 Ra3+ 51.
Kd2 Rd6 52. Rc3 Ra2+ 53. Ke3 Re6+ 54. Kf3 Rae2 55. Rf4 h5 56. Rf5 R2e3+ 57. Kf4 Kc6 58. Rxh5 Re1 59. h4 Rf1+ 60. Kg4 f5+ 61. Kh3 Re2 62.
g4 Rf3# 0-1

[Event "Early-Titled-Tuesday-Blitz-May-28-2024"]
[Site "Chess.com"]
[Date "2024.05.28"]
[Round "6"]
[White "CarlosjPineror"]
[Black "Rsnr"]
[Result "1-0"]
[WhiteElo "2749"]
[BlackElo "2898"]
[TimeControl "180+1"]
[EndTime "9:08:30 PDT"]
[Termination "CarlosjPineror won by resignation"]

1. e4 c6 2. Nc3 d5 3. Qf3 d4 4.
Bc4 Nf6 5. Nce2 Nbd7 6. Bb3 e5 7. d3 a5 8. a3 Bd6 9. Ng3 Nc5 10. Nf5 Bxf5 11. exf5 Nxb3 12. cxb3 Qb6 13. Qd1 O-O-O 14. Nf3 e4 15. dxe4 Nxe4 16. O-O Rhe8 17. b4 axb4 18. axb4 Kc7 19. Qb3 Qxb4 20. Qxf7+ Re7 21. Qa2 d3 22. Be3 Qb5 23. Rfc1 Qxf5 24. Qa7 Kd7 25. Nd4 Qd5 26. Qxb7+ Ke8 27. Qxc6+ Qxc6 28. Nxc6 d2 29. Rd1 Red7 30. Nxd8 Rxd8 31. Ra4 Nf6 32.
Rxd2 Ke7 33. Ra7+ Ke6 34. Rxg7 Ne4 35. Rd4 Rc8 36. g3 Nf6 37. Rg5 Rc2 38. b4 Rb2 39. Kg2 Bxb4 40. Rb5 Bc3 41. Rxb2 Bxb2 42. Rb4 Kd5 43. Rb6 Be5 44. Rb5+ Ke6 45. Rb6+ Kd5 46. h3 Bc3 47. Rb5+ Kc4 48. Rb6 Kd5 49. g4 Ne4 50. Rb7 Nf6 51. Rf7 Ke6 52. Ra7 Be5 53. Ra6+ Kd5 54.
f4 Bc3 55. Kf3 Nd7 56. Ra7 Kc6 57. Rxd7 Kxd7 58. Ke4 Ke6 59. f5+ Kf7 60. Bd4 Bb4 61. g5 Be7 62. Kf4 Bd6+ 63. Kg4 Bb4 64. h4 Bd2 65. h5 Bc3 66. Bxc3 1-0

[Event "Early-Titled-Tuesday-Blitz-May-28-2024"]
[Site "Chess.com"]
[Date "2024.05.28"]
[Round "6"]
[White "Azeryahu"]
[Black "GoltsevDmitry2000"]
[Result "1-0"]
[WhiteElo "2935"]
[BlackElo "2756"]
[TimeControl "180+1"]
[EndTime "9:08:34 PDT"]
[Termination "Azeryahu won by checkmate"]

1. e4 e6 2. d4 d5 3. exd5 exd5 4. Nf3 Nf6 5. Bd3 c5 6. O-O Be7 7. dxc5 Bxc5 8. Re1+ Be6 9. Be3 Bxe3 10. Rxe3 O-O 11. c3 Qb6 12. Qc2 h6 13. Nbd2 Nc6 14. Nb3 Rac8 15.
Rae1 Ng4 16. R3e2 Rfe8 17. Nbd4 Nxd4 18. Nxd4 Qd6 19. Nf3 Bd7 20. h3 Nf6 21. Nd4 Rxe2 22. Rxe2 Re8 23. Rxe8+ Bxe8 24. Qb3 b6 25. Qd1 Qe5 26.
Nf3 Qe7 27. Bf1 Bd7 28. Qd4 Qe4 29. Qd1 Bf5 30. Nd4 Qb1 31. Qxb1 Bxb1 32. a3 Nd7 33. f3 Nc5 34. Bb5 Bd3 35. Bc6 Bc4 36. b4 Ne6 37.
Nf5 Nf4 38. Kf2 Ne2 39. Bxd5 Bd3 40. c4 Nc3 41. Nd6 Nxd5 42. cxd5 Kf8 43. Nc8 a5 44. d6 Ke8 45. Nxb6 axb4 46. axb4 f5 47. f4 Kf7 48. g3 Ke6 49. d7 Ke7 50. Ke3 Bf1 51. h4 Bb5 52. Kd4 g6 53. Ke5 Bd3 54. Kd5 Bf1 55. Kc6 Kd8 56. Kd6 Be2 57. Nd5 Bb5 58. Nf6 Ba4 59. Ng8 Bxd7 60. Nxh6 Ke8 61. Nf7 Ba4 62. Ne5 Bd1 63. Nxg6 Kf7 64. Ne5+ Ke8 65. b5 Kd8 66. b6 Kc8 67. Ke6 Kb7 68. Kxf5 Kxb6 69. h5 Kc7 70. h6 Kd6 71. Kf6 Bc2 72.
f5 Kc5 73. h7 Kb4 74. h8=Q Kb3 75. Qd8 Kb2 76. Qd4+ Kb1 77. Nc4 Kc1 78. Qa1+ Bb1 79. Qb2+ Kd1 80. Qd2# 1-0

[Event "Early-Titled-Tuesday-Blitz-May-28-2024"]
[Site "Chess.com"]
[Date "2024.05.28"]
[Round "6"]
[White "LeoLV10"]
[Black "the_chess_child"]
[Result "0-1"]
[WhiteElo "2574"]
[BlackElo "2891"]
[TimeControl "180+1"]
[EndTime "9:08:37 PDT"]
[Termination "the_chess_child won on time"]

1. e4 c5 2. Nf3 e6 3. d4 cxd4 4. Nxd4 Nf6 5. Nc3 Nc6 6. Nxc6 bxc6 7. e5 Nd5 8. Ne4 Qc7 9. f4 Rb8 10. Bd3 Qb6 11. c4 f5 12. exf6 Nxf6 13. Nxf6+ gxf6 14. Qh5+ Kd8 15. Qf3 Bb4+ 16. Ke2 Ba6 17. Rd1 Bc5 18.
b3 Bd4 19. Rb1 e5 20. fxe5 fxe5 21. Ba3 Kc7 22. Qf6 Rbe8 23. Qd6+ Kc8 24. Bf5 Qc7 25. g4 Bb7 26. c5 Rhf8 27. b4 Ba6+ 28. b5 Bxb5+ 29.
Rxb5 Qxd6 30. cxd6 cxb5 31. Rc1+ Kb7 32. Rc7+ Kb6 33. Bxd7 Rf2+ 34. Kd3 Rf3+ 35. Ke4 Ref8 36. Bc1 Rc3 37. Rxc3 Bxc3 38. Be3+ Kb7 39. Kd5 a6 40.
Bc6+ Kb8 41. Bb6 e4 42. Kxe4 Bf6 43. Kd5 Bd8 44. Bc5 Rf3 45. Ke6 Rd3 46. Kd7 Ba5 47. Bf2 Rd2 48. Bg3 Rxa2 49. Ke7 Rd2 50. d7+ Ka7 51. Bd6 Rd1 52. Ke6 Bd8 53. Bc5+ Bb6 54.
Bxb6+ Kxb6 55. Bd5 Kc7 56. d8=Q+ Kxd8 57. Bb7 b4 58. Bxa6 b3 59. Be2 b2 60. Bxd1 b1=Q 61.
Bf3 Qd3 62. Bc6 Qe3+ 63. Kd6 Qf4+ 64. Kd5 Qxh2 0-1

[Event "Early-Titled-Tuesday-Blitz-May-28-2024"]
[Site "Chess.com"]
[Date "2024.05.28"]
[Round "6"]
[White "Muracle"]
[Black "viditchess"]
[Result "0-1"]
[WhiteElo "2587"]
[BlackElo "3073"]
[TimeControl "180+1"]
[EndTime "9:08:38 PDT"]
[Termination "viditchess won by checkmate"]

1. d4 d5 2. Nf3 Nf6 3. g3 Bf5 4. Bg2 h6 5. O-O e6 6. c4 c6 7. Qb3 Qb6 8. c5 Qxb3 9. axb3 Nbd7 10. Nc3 a6 11. b4 Rc8 12. h3 Be7 13. g4 Bc2 14. Bf4 O-O 15. Ne1 Bh7 16. f3 Ne8 17. e4 Nc7 18. Bd6 Rfe8 19. Nd3 Bf6 20. Ne5 Nxe5 21.
dxe5 Bh4 22. f4 dxe4 23. Bxc7 Rxc7 24. Bxe4 f5 25. Bc2 Rf7 26. Rad1 g5 27. fxg5 hxg5 28. Rd6 Kg7 29. gxf5 Bxf5 30. Bxf5 exf5 31. e6 Rfe7 32. Rxf5 Rxe6 33. Rxe6 Rxe6 34. Rf3 Kg6 35. Rd3 Re7 36. Kg2 Be1 37. Kf3 Rf7+ 38. Ke2 Bh4 39. Ne4 Rf4 40.
Rd6+ Kf5 41. Nc3 Rxb4 42. Rd7 Rxb2+ 43. Kd3 Be1 44. Ne4 Rb3+ 45. Kc2 Rxh3 46. Nd6+ Ke6 47. Rxb7 a5 48. Rb8 Kd5 49. Re8 Bb4 50. Ne4 g4 51. Nf6+ Kxc5 52. Nxg4 a4 53. Re5+ Kb6 54. Rf5 Rc3+ 55. Kb2 a3+ 56. Ka2 c5 57. Ne5 Kb5 58.
Rf2 Re3 59. Ng4 Re4 60. Nf6 Rd4 61. Nh5 Ka4 62. Ng3 c4 63. Ne2 Rd2+ 64. Ka1 c3 65. Kb1 a2+ 66. Ka1 Ka3 67. Nxc3 Bxc3# 0-1

[Event "Early-Titled-Tuesday-Blitz-May-28-2024"]
[Site "Chess.com"]
[Date "2024.05.28"]
[Round "6"]
[White "Alexander_Donchenko"]
[Black "DenLaz"]
[Result "0-1"]
[WhiteElo "2911"]
[BlackElo "3111"]
[TimeControl "180+1"]
[EndTime "9:08:39 PDT"]
[Termination "DenLaz won by resignation"]

1. Nf3 f5 2. g3 Nf6 3. Bg2 g6 4. O-O Bg7 5. d4 O-O 6. c4 d6 7. Nc3 c6 8. b3 Qc7 9. Ba3 Re8 10. Re1 a5 11. e4 fxe4 12. Nxe4 Nxe4 13. Rxe4 Bf5 14.
Re3 Na6 15. Ng5 e5 16. d5 Nb4 17. Bxb4 axb4 18. Qd2 Bh6 19. h4 c5 20. Qe2 Rf8 21. Kh2 Qd8 22. Ne6 Bxe6 23. dxe6 Bxe3 24. Qxe3 Qe7 25.
Bd5 Rf6 26. Kg2 Kg7 27. h5 Raf8 28. f3 Rf5 29. h6+ Kh8 30. a3 Ra8 31. a4 Ra5 32. Rh1 Kg8 33. Rh4 Kf8 34. Qe4 b6 35. Qe3 Ra7 36. Qd3 Ke8 37. Bc6+ Kd8 38. Qd5 e4 39. Qxe4 Re5 40. Qd3 Rxe6 41. Be4 Re5 42. Rf4 Kc7 43. Bd5 Re2+ 44. Kf1 Re3 45. Qd2 Qe8 46. Kf2 Re7 47. Qb2 g5 48. Rf5 Kb8 49.
Qf6 Re2+ 50. Kf1 Re1+ 51. Kg2 Rd7 52. Qf8 Kc7 53. Qxe8 Rxe8 54. Rxg5 Re3 55. Rg7 Ree7 56. Rg8 Re5 57. Be4 Rh5 58. Rh8 Rxh6 59. g4 Rf6 60. Rxh7 Rxh7 61. Bxh7 d5 62. cxd5 Kd6 63. Bd3 Rf4 64. Kg3 Rd4 65. Be4 c4 66. bxc4 Rxe4 67. fxe4 b3 68. g5 b2 69. g6 b1=Q 70. g7 Qg1+ 71.
Kf4 Qxg7 0-1

[Event "Early-Titled-Tuesday-Blitz-May-28-2024"]
[Site "Chess.com"]
[Date "2024.05.28"]
[Round "6"]
[White "rasmussvane"]
[Black "Dolphin_2010"]
[Result "1-0"]
[WhiteElo "2957"]
[BlackElo "2761"]
[TimeControl "180+1"]
[EndTime "9:08:41 PDT"]
[Termination "rasmussvane won on time"]

1. Nf3 d5 2. g3 Bg4 3. Bg2 Bxf3 4. Bxf3 c6 5. O-O e6 6. d3 Nd7 7. e4 Bd6 8. Nd2 Ne7 9. d4 O-O 10. c4 dxe4 11. Nxe4 Bc7 12. Bd2 Nb6 13. Qb3 Qxd4 14.
Rac1 Nf5 15. Rfd1 Qd8 16. Bb4 Nd4 17. Qe3 e5 18. Bxf8 Qxf8 19. Bg2 Rd8 20. a3 h6 21. Nd2 Na4 22. Rb1 Nc5 23. Nf3 Nce6 24. Nxe5 Re8 25. Nf3 Nf4 26. Qd2 Nxg2 27. Qxd4 Ne3 28.
fxe3 Bb6 29. Qd6 Bxe3+ 30. Kf1 Re7 31. Qd8 Re8 32. Qd6 Re7 33. Re1 Bc5 34. Qf4 Qc8 35.
Rxe7 Qh3+ 36. Ke2 Bxe7 37. Qe3 Bf6 38. Rd1 Kh7 39. Qe4+ g6 40. b4 Kg7 41. Kf2 a5 42.
Kg1 Qh5 43. c5 axb4 44. axb4 Qh3 45. Rf1 h5 46. Rf2 Qd7 47. Kg2 Qd8 48. Ne5 Qe7 49.
Re2 Qe6 50. Qf4 Qd5+ 51. Qf3 Qd4 52. Nd3 Qc4 53. Rf2 Bd4 54. Re2 h4 55. Qe4 hxg3 56.
hxg3 Qc3 57. Qf3 Bf6 58. Re4 Qc2+ 59. Re2 Qc3 60. Rf2 Bd4 61. Qxf7+ Kh6 62. Rf3 Qc2+ 63. Nf2 Qb2 64. Qf4+ Kh7 65. Qc7+ Kh6 66. Rf7 Be3 67.
Rh7+ Kg5 68. Qe7+ Kf5 69. Rf7+ Qf6 70. Rxf6+ 1-0